 Dungeon Crawl Stone Soup version 0.31.0-11-ge490571c62 (webtiles) character file.

Game seed: 1916661858312210416

1148 Xavori the Slasher (level 8, 0/59 HPs)
             Began as a Djinni Chaos Knight on Jan 28, 2024.
             Was a Plaything of Xom.
             Slain by an ice devil (27 damage)
             ... led by Pikel
             ... on level 4 of the Dungeon.
             The game lasted 00:05:31 (4859 turns).

Xavori the Slasher (Djinni Chaos Knight)            Turns: 4859, Time: 00:05:31

Health: 0/59       AC:  6    Str: 10    XL:     8   Next: 65%
Gold:   725        EV: 10    Int: 16    God:    Xom [......] SH:  8 Dex: 16

rFire   + + +        a - +0 falchion (chaos)
rCold   x . .        f - +0 kite shield
rNeg    + + .        b - +2 leather armour
rPois   ∞            (no helmet)
rElec   .            (no cloak)
rCorr   .            (no gloves)
SInv    .            (boots unavailable)
Will    .....        o - amulet of the Twenty Artists {rN+ Regen+ Stlth+}
Stlth   ++           s - ring of positive energy
HPRegen 1.09/turn    w - ring of protection from fire
MPRegen 0.00/turn

%: infuse magic (-1 HP)
@: flying
A: sickness immunity, fire resistance 3, cold vulnerability 1, float, innate
caster, HP casting, extra vitality 1, agile 1, mutation resistance 1, shaggy fur
1, wild magic 1
a: Renounce Religion


You were on level 4 of the Dungeon.
You worshipped Xom.
You were a very special plaything of Xom.
You visited 1 branch of the dungeon, and saw 5 of its levels.
You also visited: Ossuary.

You collected 725 gold pieces.

Inventory:

Hand Weapons
 a - a +0 falchion of chaos (weapon)
Missiles
 p - 3 curare-tipped darts (quivered)
Armour
 b - a +2 leather armour (worn)
 f - a +0 kite shield (worn)
Jewellery
 o - the amulet of the Twenty Artists (around neck) {rN+ Regen+ Stlth+}
   (Xom gifted it to you on level 2 of the Dungeon)

   [amulet of regeneration]

   rN+:       It protects you from negative energy.
   Regen+:    It increases your rate of health regeneration.
   Stlth+:    It makes you more stealthy.
 q - an amulet of faith
 s - a ring of positive energy (left hand)
 w - a ring of protection from fire (right hand)
Scrolls
 c - 2 scrolls of butterflies
 j - 4 scrolls of poison
 k - a scroll of enchant weapon
 m - a scroll of silence
 r - 3 scrolls of teleportation
 x - a scroll of fog
Potions
 d - a potion of attraction
 e - 2 potions of heal wounds
 g - 2 potions of invisibility
 h - 2 potions of degeneration
 i - 4 potions of curing
 l - a potion of berserk rage {unknown}
 n - 4 potions of haste {unknown}
 t - 2 potions of cancellation {unknown}
 u - a potion of mutation {unknown}
 v - 3 potions of might {unknown}
 z - 2 potions of lignification {unknown}


   Skills:
 + Level 5.0 Fighting
 + Level 6.4 Long Blades
 + Level 3.7 Armour
 + Level 4.2 Dodging
 * Level 0.8 Shields
 - Level 2.2 Spellcasting
 - Level 2.2 Conjurations
 - Level 2.2 Hexes
 - Level 2.2 Summonings
 - Level 2.2 Necromancy
 - Level 2.2 Translocations
 - Level 2.2 Fire Magic
 - Level 2.2 Ice Magic
 - Level 2.2 Air Magic
 - Level 2.2 Earth Magic
 - Level 2.2 Alchemy


You knew the following spells:

 Your Spells              Type           Power      Damage    Failure   Level
a - Slow                  Hex            44%        N/A       58%         1
b - Searing Ray           Conj           22%        2d5       73%         2
c - Gell's Gravitas       Tloc           11%        N/A       90%         3
Your spell library was empty.

Dungeon Overview and Level Annotations

Branches:
Dungeon (5/15)            Ossuary (visited)
 Temple: D:4-7

Altars:
Fedhas
Qazlal

Annotations:
D:5 Pikel


Innate Abilities, Weirdness & Mutations

You are immune to sickness and miasma.
You are immune to poison.
Your flesh is almost immune to the effects of heat. (rF+++)
You are vulnerable to cold. (rC-)
You float through the air rather than walking.
You learn spells naturally, not from books.
Your magical power is your life essence.
You have superior vitality. (+4 MHP)
You are agile. (Dex +4, Str/Int -1)
You are somewhat resistant to further mutation.
You are covered in fur. (AC +1)
Your spells are a little harder to cast, but a little more powerful.


Message History

You barely miss the lemure.
The lemure is moderately wounded.
The lemure closely misses you. You block the lemure's attack.
The lemure barely misses you.
Unknown command.
You barely miss the lemure.
The lemure is heavily wounded.
Xom's power touches on a nearby monster.
The lemure suddenly seems more resistant.
The lemure hits you. x2; The lemure hits you but does no damage.
Unknown command.
You slash the lemure!
The lemure is severely wounded.
The lemure hits you. x2; The lemure barely misses you.
Unknown command.
You are too injured to fight recklessly!
Unknown command.
You are too injured to fight recklessly!
The lemure barely misses you. The lemure closely misses you.
The lemure hits you. The lemure attacks as it pursues you!
The lemure hits you but does no damage.
You hit the lemure but do no damage.
The lemure is almost dead. "This might be better!"
The lemure evaporates and reforms as a hellwing!
The lemure closely misses you.
You hit the lemure but do no damage.
The lemure is almost dead.
You aren't carrying any items that you can evoke.
You slash the hellwing! You freeze the hellwing.
The hellwing is moderately wounded.
Xom's power touches on a nearby monster.
The hellwing evaporates and reforms as an ice devil!
You kill the lemure!
That felt strangely unrewarding.
You block the ice devil's attack.
You hit the ice devil.
The ice devil is moderately wounded.
The ice devil hits you. The ice devil freezes you!!
You feel a terrible chill!
You die...
Xom chortles!

.PP..P)P.......# ..P.P.P).......#
.....P...).....#
####+####.....#########
##.....##.....##......##
.............>.........#
.......................#
.......##.....##45....#########
##.....##.....##@.....##....<.##
##.....'......##....).##.......#
##.....##......................#
##.....##......................#
+......#.......................#
##.....#......##......##.......#
##.....#......#######+########.##
.......####'####.............†.#.
)>.....##.....##..............#..


You could see an ice devil and a lemure (resistant).

Vanquished Creatures
  A basilisk (D:2)
  A lemure (D:4)
  A howler monkey (D:4)
  6 bullfrog zombies (Ossuary)
  A hound (D:4)
  5 mummies (Ossuary)
  2 orc wizards (D:4)
  4 crocodile zombies (Ossuary)
  A hound zombie (Ossuary)
  8 howler monkey zombies (Ossuary)
  5 gnolls
  2 adders
  3 ribbon worms (D:2)
  17 orcs
  10 ball pythons
  6 endoplasms
  2 giant cockroaches
  5 goblins
  5 hobgoblins
  2 jackals (D:2)
  9 kobolds
  6 quokkas
  4 ball python zombies (Ossuary)
  9 bats
  8 frilled lizards
  11 rats
134 creatures vanquished.

Vanquished Creatures (collateral kills)
  An ogre (D:4)
  3 orc priests (D:4)
  An orc wizard (D:4)
  4 orcs (D:4)
  A kobold (D:4)
10 creatures vanquished.

Grand Total: 144 creatures vanquished

Notes
Turn   | Place    | Note
-------+----------+-------------------------------------------
     0 | D:1      | Xavori the Djinni Chaos Knight began the quest for the Orb.
     0 | D:1      | Reached XP level 1. HP: 20/20 MP: 0/0
   107 | D:1      | Reached XP level 2. HP: 25/25 MP: 0/0
   355 | D:1      | XOM: 6-stop teleportation journey
   357 | D:1      | XOM: chaos upgrade
   361 | D:1      | Reached skill level 3 in Long Blades
   430 | D:1      | Reached XP level 3. HP: 25/30 MP: 0/0
   430 | D:1      | Learned a level 1 spell: Slow
   451 | D:1      | XOM: cloud trail
   949 | D:1      | XOM: silly message
  1220 | D:1      | XOM: god gift: 546 gold pieces
  1243 | D:1      | XOM: give mutations
  1243 | D:1      | Gained mutation: You are somewhat resistant to further
                  | mutation. [Xom's grace]
  1243 | D:1      | Gained mutation: Your spells are a little harder to cast,
                  | but a little more powerful. [Xom's grace]
  1243 | D:1      | Gained mutation: You passively map a small area around you.
                  | [Xom's grace]
  1390 | D:1      | XOM: cloud trail
  1478 | D:1      | XOM: summons 2 hostile demons
  1883 | D:1      | XOM: give mutations
  1883 | D:1      | Gained mutation: You are strong-willed. (Will+) [Xom's
                  | mischief]
  1883 | D:1      | Lost mutation: You are strong-willed. (Will+) [Xom's
                  | mischief]
  1883 | D:1      | Lost mutation: You passively map a small area around you.
                  | [Xom's mischief]
  2119 | D:1      | XOM: god gift: orange potion {god gift}
  2207 | D:1      | XOM: give mutations
  2207 | D:1      | Gained mutation: You are robust. (+10% HP) [Xom's grace]
  2207 | D:1      | Gained mutation: Your flesh is almost immune to the effects
                  | of heat. (rF+++) [Xom's grace]
  2207 | D:1      | Gained mutation: You are agile. (Dex +4, Str/Int -1) [Xom's
                  | grace]
  2207 | D:1      | Gained mutation: You are covered in fur. (AC +1) [Xom's
                  | grace]
  2348 | D:1      | XOM: god gift: 3 atropa-tipped darts
  2523 | D:2      | XOM: snakes to sticks
  2686 | D:2      | XOM: god gift: pink potion {god gift}
  2726 | D:2      | Reached XP level 4. HP: 38/38 MP: 0/0
  2761 | D:2      | XOM: 7-stop teleportation journey
  3116 | D:2      | Identified the amulet of the Twenty Artists {rN+ Regen+
                  | Stlth+} (Xom gifted it to you on level 2 of the Dungeon)
  3116 | D:2      | XOM: god gift: amulet of the Twenty Artists {rN+ Regen+
                  | Stlth+}
  3161 | D:2      | a ribbon worm changed into a basilisk
  3161 | D:2      | Noticed a basilisk
  3186 | D:2      | Killed a basilisk
  3187 | D:2      | Reached skill level 4 in Long Blades
  3187 | D:2      | Reached skill level 1 in Spellcasting
  3187 | D:2      | Reached skill level 1 in Conjurations
  3187 | D:2      | Reached skill level 1 in Hexes
  3187 | D:2      | Reached skill level 1 in Summonings
  3187 | D:2      | Reached skill level 1 in Necromancy
  3187 | D:2      | Reached skill level 1 in Translocations
  3187 | D:2      | Reached skill level 1 in Fire Magic
  3187 | D:2      | Reached skill level 1 in Ice Magic
  3187 | D:2      | Reached skill level 1 in Air Magic
  3187 | D:2      | Reached skill level 1 in Earth Magic
  3187 | D:2      | Reached skill level 1 in Alchemy
  3187 | D:2      | Reached XP level 5. HP: 26/45 MP: 0/0
  3187 | D:2      | Learned a level 2 spell: Searing Ray
  3187 | D:2      | Reached XP level 6. HP: 29/51 MP: 0/0
  3465 | D:3      | XOM: give mutation
  3465 | D:3      | Gained mutation: Your muscles are strong. (Str +4, Int/Dex
                  | -1) [Xom's grace]
  3540 | D:3      | Found a faded altar of an unknown god.
  3573 | D:3      | Found a stormy altar of Qazlal.
  3594 | D:3      | Found a blossoming altar of Fedhas.
  3634 | D:3      | XOM: god gift: scroll labelled QEJOIVVE TIXT {god gift}
  3850 | D:4      | Noticed an ogre
  3852 | D:4      | XOM: cleaving
  3859 | D:4      | Killed an ogre
  3883 | D:4      | Reached XP level 7. HP: 34/57 MP: 0/0
  3883 | D:4      | Learned a level 3 spell: Gell's Gravitas
  3961 | D:4      | Found a sand-covered staircase.
  3968 | Ossuary  | Entered an ossuary
  3968 | Ossuary  | XOM: 1-stop teleportation journey
  3987 | Ossuary  | Reached skill level 5 in Long Blades
  4002 | Ossuary  | XOM: scenery: 8 doors open, 2 doors close
  4138 | Ossuary  | XOM: confusion (+ monsters)
  4149 | Ossuary  | Reached XP level 8. HP: 63/63 MP: 0/0
  4242 | Ossuary  | XOM: confuse monster(s)
  4292 | Ossuary  | XOM: noise
  4294 | Ossuary  | XOM: noise
  4295 | Ossuary  | XOM: smoke on damage
  4310 | Ossuary  | XOM: give mutations
  4310 | Ossuary  | Gained mutation: Potions are less effective at restoring
                  | your health. [Xom's mischief]
  4310 | Ossuary  | Lost mutation: You are robust. (+10% HP) [Xom's mischief]
  4310 | Ossuary  | Lost mutation: Potions are less effective at restoring your
                  | health. [Xom's mischief]
  4310 | Ossuary  | Lost mutation: Your muscles are strong. (Str +4, Int/Dex
                  | -1) [Xom's mischief]
  4373 | Ossuary  | Reached skill level 6 in Long Blades
  4640 | D:4      | XOM: chaos cloud
  4676 | D:4      | XOM: polymorph ball python -> howler monkey
  4793 | D:4      | Reached skill level 5 in Fighting
  4827 | D:5      | Entered Level 5 of the Dungeon
  4833 | D:5      | Noticed Pikel
  4840 | D:5      | XOM: silly message
  4850 | D:4      | XOM: enchant monster (bad)
  4856 | D:4      | a lemure changed into a hellwing
  4856 | D:4      | Noticed a hellwing
  4856 | D:4      | XOM: polymorph lemure -> hellwing
  4858 | D:4      | a hellwing changed into an ice devil
  4858 | D:4      | Noticed an ice devil
  4858 | D:4      | XOM: polymorph hellwing -> ice devil
  4859 | D:4      | Slain by an ice devil

Illustrated notes

Levels and vault maps discovered:
D:1:      psy_arrival_fountain, layout_basic, chequers_mini_garden,
          minmay_crystal_water
D:2:      minmay_razor_zed, layout_basic
D:3:      layout_rooms, grunt_temple_overflow_forces_of_nature,
          nicolae_vehumet_radiance, hellmonk_ecumenical_altar_arch_garden,
          chequers_serial_rivers_micro_d, kennysheep_another_room
D:4:      layout_gridville, enter_ossuary_1, nicolae_grassy_gnolls
D:5:      layout_cave_pools, riverfiend_overflow_shadow_ancestor,
          chei_slow_surprise, uniq_pikel

Skill      XL: |  1  2  3  4  5  6  7  8 |
---------------+-------------------------+-----
Long Blades    | 3 4 5 6 |  6.4
Armour         | 2 3 |  3.7
Dodging        | 3 4 |  4.2
Spellcasting   | 1 2 |  2.2
Conjurations   | 1 2 |  2.2
Hexes          | 1 2 |  2.2
Summonings     | 1 2 |  2.2
Necromancy     | 1 2 |  2.2
Translocations | 1 2 |  2.2
Fire Magic     | 1 2 |  2.2
Ice Magic      | 1 2 |  2.2
Air Magic      | 1 2 |  2.2
Earth Magic    | 1 2 |  2.2
Alchemy        | 1 2 |  2.2
Fighting       | 4 5 |  5.0
Shields        | |  0.8

Action                     |  1- 3 |  4- 6 |  7- 9 || total
---------------------------+-------+-------+-------++-------
  Melee: Falchion          |    99 |   106 |   248 ||   453
         Punch             |       |     3 |     6 ||     9
    Use: Potion            |     1 |     4 |       ||     5
         Scroll            |       |     1 |     7 ||     8
   Stab: Sleeping          |       |     3 |     4 ||     7
         Paralysed         |       |     1 |     1 ||     2
         Invisible         |       |     1 |       ||     1
         Confused          |       |     1 |     2 ||     3
         Petrifying        |       |     1 |       ||     1
         Petrified         |       |     1 |       ||     1
         Distracted        |       |       |     2 ||     2
 Armour: Leather armour    |    55 |    88 |   154 ||   297
  Dodge: Dodged            |    71 |    77 |   160 ||   308
  Block: Kite shield       |       |       |    19 ||    19
